 Dungeon Crawl Stone Soup version 0.21-a0-70-g32e1473 (console) character file.

219 removed the Insei (level 5, 0/38 HPs)
             Began as a Demonspawn Gladiator on June 18, 2017.
             Slain by an ufetubus (1 damage)
             ... summoned by Eustachio
             ... on level 3 of the Dungeon.
             The game lasted 00:07:16 (4184 turns).

removed the Insei (Demonspawn Gladiator)            Turns: 4184, Time: 00:07:17

Health: 0/38       AC:  6    Str: 14      XL:     5   Next: 64%
Magic:  5/5        EV: 12    Int: 15      God:
Gold:   198        SH:  0    Dex: 14 (15) Spells: 4/4 levels left

rFire    . . .     SeeInvis .   b - +0 blowgun
rCold    . . .     Gourm    .   (no shield)
rNeg     . . .     Faith    .   a - +0 leather armour
rPois    .         Spirit   .   w - +0 helmet
rElec    .         Reflect  .   k - +0 cloak
rCorr    .         Harm     .   l - +0 pair of gloves
MR       .....                  (no boots)
Stlth    ++........             y - amulet of magic regeneration
HPRegen  0.12/turn              (no ring)
MPRegen  0.34/turn              (no ring)

@: brilliant, hasted, very quick
A: nightstalker 1
a: no special abilities


You were on level 3 of the Dungeon.
You were near starving.

You visited 1 branch of the dungeon, and saw 4 of its levels.

You collected 198 gold pieces.

Inventory:

Hand Weapons
 b - a +0 blowgun (weapon)
Missiles
 c - 3 throwing nets (quivered)
Armour
 a - a +0 leather armour (worn)
 k - a +0 cloak (worn)
 l - a +0 pair of gloves (worn)
 w - a +0 helmet (worn)
Jewellery
 y - an amulet of magic regeneration (around neck)
Scrolls
 g - a scroll of remove curse {unknown}
 p - 2 scrolls of identify {unknown}
 r - a scroll of enchant armour {unknown}
 u - a scroll of random uselessness {unknown}
 z - a scroll of fog {unknown}
Potions
 j - a potion of haste
 m - a potion of resistance {unknown}
 o - 2 potions of curing {unknown}
 s - a potion of might {unknown}
 v - 2 potions of brilliance
Comestibles
 d - 2 bread rations
 f - 2 meat rations
 h - a royal jelly


   Skills:
 - Level 2.0 Fighting
 - Level 1.7 Throwing
 - Level 2.6 Dodging
 + Level 5.8 Unarmed Combat


You had 4 spell levels left.
You didn't know any spells.

Dungeon Overview and Level Annotations

Branches:
Dungeon (4/15)
 Temple: D:4-7

Altars:
Ashenzari
Nemelex Xobeh
Qazlal
Yredelemnul

Annotations:
D:3 Eustachio


Innate Abilities, Weirdness & Mutations

You are slightly more attuned to the shadows.


Message History

Really attack while wielding your +0 blowgun?
Okay, then.
The bat closely misses you. The bat hits you but does no damage.
Eustachio barely misses you.
Unknown command.
The bat hits you but does no damage. The ufetubus completely misses you.
The ufetubus hits you.
* * * LOW HITPOINT WARNING * * *
The ufetubus hits you.
* * * LOW HITPOINT WARNING * * *
The ufetubus hits you but does no damage.
Eustachio mumbles some strange words.
Eustachio blinks!
The ufetubus closely misses you. The ufetubus barely misses you.
It was a potion of haste.
You feel yourself speed up. The ufetubus misses you.
The ufetubus hits you but does no damage.
It was a potion of brilliance.
You feel clever all of a sudden. The ufetubus hits you.
You die...

########..>.#####..........##.#..
..# ##..#....###.##.#....#.#..
..# ##.......# #.##..#........
..# ####........# #..##..#..#.#..
..###....###....# ##.###..#...#..
...##.#########.####.# ##.#......
............###...##.####........
..##..#####..####.##............#
.....### ##....@5b#..........###
..#....##########5.......##)#.#
####.#.§.5..#..5............#.###
##..######......................
#..####.(.....................##
##.......###.....................
#...###### #........#######..####
#>..# ####..##....####.....<
#(..# ##..#####....≈.....(


You could see 2 ufetubi and a bat.

Vanquished Creatures
  Natasha (D:4)
  A worker ant (D:4)
  8 adders
  2 oozes
  4 worms (D:2)
  2 dart slugs
  3 leopard geckos
  An orc (D:3)
  2 ball pythons
  8 giant cockroaches
  5 goblins
  3 hobgoblins
  8 jackals
  10 kobolds
  A quokka (D:3)
  5 bats
  6 frilled lizards
  4 rats
  A spectral orc (D:2)
75 creatures vanquished.

Notes
Turn   | Place    | Note
-------+----------+-------------------------------------------
     0 | D:1      | removed the Demonspawn Gladiator began the quest for the Orb.
     0 | D:1      | Reached XP level 1. HP: 16/16 MP: 1/1
    59 | D:1      | Reached skill level 3 in Unarmed Combat
   199 | D:1      | Gained mutation: You are slightly more attuned to the shadows. [demonic ancestry]
   199 | D:1      | Reached XP level 2. HP: 20/22 MP: 2/2
   652 | D:1      | Reached XP level 3. HP: 14/27 MP: 3/3
  1092 | D:2      | Reached skill level 4 in Unarmed Combat
  1358 | D:2      | Reached XP level 4. HP: 12/33 MP: 4/4
  1671 | D:2      | Found a sparkling altar of Nemelex Xobeh.
  2117 | D:2      | Found a basalt altar of Yredelemnul.
  2768 | D:3      | Found a faded altar of an unknown god.
  2784 | D:3      | Reached skill level 5 in Unarmed Combat
  2965 | D:3      | Found a shattered altar of Ashenzari.
  2986 | D:3      | Reached XP level 5. HP: 38/38 MP: 5/5
  3105 | D:3      | Found a stormy altar of Qazlal.
  3364 | D:4      | Noticed Natasha
  3375 | D:4      | Killed Natasha
  3607 | D:4      | Noticed Eustachio
  3760 | D:4      | Noticed a phantom
  4181 | D:3      | HP: 1/38 [ufetubus[Eustachio] (1)]
  4184 | D:3      | Slain by an ufetubus

Vault maps used:
D:1:      dpeg_arrival_arbitrary_c, minmay_pentomino_x2
D:2:      nemelex_xobeh_ov_fountains_minmay,
          yredelemnul_forgotten_temple_becter, hex_intersection
D:3:      ashenzari_conservatory_becter, chequers_ecumenical_altar_island,
          minmay_misc_feat_secret_circle, grunt_qazlal_sundering
D:4:      cheibrodos_quashed, lemuel_coloured_pillars_altar,
          nicolae_overflow_hidden_temple, kennysheep_little_box, uniq_pikel,
          uniq_ijyb, uniq_eustachio, uniq_natasha

Skill      XL: |  1  2  3  4 |
---------------+-------------+-----
Unarmed Combat | 3 4 5 |  5.8
Fighting       | |  2.0
Throwing       | |  1.7
Dodging        | |  2.6

Action                   |  1- 3 |  4- 6 || total
-------------------------+-------+-------++-------
Melee: Unarmed           |   148 |   209 ||   357
       Punch             |     1 |     4 ||     5
 Fire: Blowgun           |       |    32 ||    32
Throw: Throwing net      |       |     1 ||     1
  Use: Potion            |       |     2 ||     2
 Stab: Sleeping          |     6 |    11 ||    17
  Eat: Chunk             |     1 |     8 ||     9
Armor: Leather armour    |    40 |   134 ||   174
Dodge: Dodged            |    80 |   258 ||   338
